TOP OF THE 1ST |
Bradenton Marauders batting - Pitching for Charlotte Stone Crabs : RHP Julian Black
|
Pitching: RHP Julian Black
|
|
Batting: LHB Joe Hoover
|
0-0: Ball 1-0: Called Strike 1-1: Foul Ball, location: 2F 1-2: Ball 2-2: Foul Ball, location: 2F 2-2: Ground out 4-3 (Groundball, 34, EV 85.6 MPH)
|
Batting: LHB Carlos Vega
|
0-0: Called Strike 0-1: Ball 1-1: SINGLE (Line Drive, 78M, EV 108.1 MPH)
|
Batting: RHB Zach Chmieleski
|
0-0: Ball 1-0: Ground out 4-3 (Groundball, 4MD, EV 85.6 MPH) Carlos Vega to second
|
Batting: RHB Ron Corn
|
0-0: Fly out, F8 (Flyball, 8LD, EV 78.8 MPH)
|
Top of the 1st over - 0 runs, 1 hit, 0 errors, 1 left on base; Bradenton 0 - Charlotte 0 |
BOTTOM OF THE 1ST |
Charlotte Stone Crabs batting - Pitching for Bradenton Marauders : LHP Ben Buerck
|
Pitching: LHP Ben Buerck
|
|
Batting: RHB Chris Thorson
|
0-0: Called Strike 0-1: Ball 1-1: Swinging Strike 1-2: Strikes out looking
|
Batting: RHB James Huddleston
|
0-0: Called Strike 0-1: Ground out 6-3 (Groundball, 56D, EV 86.9 MPH)
|
Batting: RHB Alex Diaz
|
0-0: TRIPLE (Flyball, 89XD, EV 98.8 MPH)
|
Batting: RHB Jose Arriola
|
0-0: Called Strike 0-1: Called Strike 0-2: SINGLE (Line Drive, 9S, EV 99.4 MPH) Alex Diaz scores
|
Batting: LHB Harris Vink
|
0-0: Foul Ball, location: 2F 0-1: Ball 1-1: Foul Ball, location: 2F 1-2: Strikes out looking
|
Bottom of the 1st over - 1 run, 2 hits, 0 errors, 1 left on base; Bradenton 0 - Charlotte 1 |
TOP OF THE 2ND |
Bradenton Marauders batting - Pitching for Charlotte Stone Crabs : RHP Julian Black
|
Batting: LHB Brandon Sarni
|
0-0: Ball 1-0: Ball 2-0: Swinging Strike 2-1: Called Strike 2-2: Foul Ball, location: 2F 2-2: Foul Ball, location: 2F 2-2: Strikes out swinging
|
Batting: RHB Freddy Quintero
|
0-0: Called Strike 0-1: Swinging Strike 0-2: Foul Ball, location: 2F 0-2: Ball 1-2: Strikes out looking
|
Batting: RHB Alain Marquet
|
0-0: Fly out, F7 (Flyball, 7D, EV 88.8 MPH)
|
Top of the 2nd over - 0 runs, 0 hits, 0 errors, 0 left on base; Bradenton 0 - Charlotte 1 |
BOTTOM OF THE 2ND |
Charlotte Stone Crabs batting - Pitching for Bradenton Marauders : LHP Ben Buerck
|
Batting: RHB Nelle Lommen
|
0-0: Foul Ball, location: 2F 0-1: Ball 1-1: Ball 2-1: Ground out 4-3 (Groundball, 34, EV 79.4 MPH)
|
Batting: RHB Isaiah Easter
|
0-0: Ground out 4-3 (Groundball, 4, EV 90.6 MPH)
|
Batting: LHB Rich Matthews
|
0-0: Ball 1-0: Ball 2-0: Ball 3-0: Called Strike 3-1: Swinging Strike 3-2: Foul Ball, location: 2F 3-2: Strikes out swinging
|
Bottom of the 2nd over - 0 runs, 0 hits, 0 errors, 0 left on base; Bradenton 0 - Charlotte 1 |
TOP OF THE 3RD |
Bradenton Marauders batting - Pitching for Charlotte Stone Crabs : RHP Julian Black
|
Batting: RHB Pleun Smit
|
0-0: Ball 1-0: Swinging Strike 1-1: Foul Ball, location: 2F 1-2: Strikes out swinging
|
Batting: SHB Juan Ayala
|
0-0: Ball 1-0: Fly out, F7 (Flyball, 7, EV 85.0 MPH)
|
Batting: LHB Joe Hoover
|
0-0: Bunt missed! 0-1: Ball 1-1: Ball 2-1: Ball 3-1: Swinging Strike 3-2: Strikes out swinging
|
Top of the 3rd over - 0 runs, 0 hits, 0 errors, 0 left on base; Bradenton 0 - Charlotte 1 |
BOTTOM OF THE 3RD |
Charlotte Stone Crabs batting - Pitching for Bradenton Marauders : LHP Ben Buerck
|
Batting: RHB John Downing
|
0-0: Ball 1-0: Called Strike 1-1: Foul Ball, location: 2F 1-2: Ball 2-2: Ground out 5-3 (Groundball, 56S, EV 86.9 MPH)
|
Batting: RHB Chris Thorson
|
0-0: Swinging Strike 0-1: Ball 1-1: Fly out, F9 (Flyball, 9, EV 91.9 MPH)
|
Batting: RHB James Huddleston
|
0-0: Called Strike 0-1: Foul Ball, location: 2F 0-2: Ground out 6-3 (Groundball, 6, EV 86.2 MPH)
|
Bottom of the 3rd over - 0 runs, 0 hits, 0 errors, 0 left on base; Bradenton 0 - Charlotte 1 |
TOP OF THE 4TH |
Bradenton Marauders batting - Pitching for Charlotte Stone Crabs : RHP Julian Black
|
Batting: LHB Carlos Vega
|
0-0: Foul Ball, location: 2F 0-1: Ball 1-1: Foul Ball, location: 2F 1-2: Ball 2-2: SINGLE (Line Drive, 4MD, EV 96.9 MPH)
|
Batting: RHB Zach Chmieleski
|
0-0: Ball 1-0: Swinging Strike 1-1: Fly out, F8 (Flyball, 8LD, EV 107.5 MPH)
|
Batting: RHB Ron Corn
|
0-0: Fly out, F4 (Popup, 13, EV 83.1 MPH)
|
Batting: LHB Brandon Sarni
|
0-0: Called Strike 0-1: Ball 1-1: Ball 2-1: Foul Ball, location: 2F 2-2: SINGLE (Groundball, 6MD, EV 109.4 MPH) Carlos Vega to second Runner from 2nd tries for 3rd, SAFE, throw by CF made to third
|
Batting: RHB Freddy Quintero
|
0-0: Ball 1-0: DOUBLE (Line Drive, 8RXD, EV 108.1 MPH) Carlos Vega scores Brandon Sarni to third Runner from 3rd tries for Home, SAFE, no throw by CF
|
Batting: RHB Alain Marquet
|
0-0: Foul Ball, location: 2F 0-1: Ball 1-1: Called Strike 1-2: Fly out, F9 (Flyball, 89S, EV 85.0 MPH)
|
Top of the 4th over - 2 runs, 3 hits, 0 errors, 1 left on base; Bradenton 2 - Charlotte 1 |
BOTTOM OF THE 4TH |
Charlotte Stone Crabs batting - Pitching for Bradenton Marauders : LHP Ben Buerck
|
Batting: RHB Alex Diaz
|
0-0: Ball 1-0: Called Strike 1-1: Swinging Strike 1-2: Strikes out swinging
|
Batting: RHB Jose Arriola
|
0-0: Called Strike 0-1: Ball 1-1: Swinging Strike 1-2: Ball 2-2: DOUBLE (Line Drive, 89D, EV 109.4 MPH)
|
Batting: LHB Harris Vink
|
0-0: Ball 1-0: Ball 2-0: Ground out U3 (Groundball, 3, EV 85.6 MPH) Jose Arriola to third
|
Batting: RHB Nelle Lommen
|
0-0: Ball 1-0: Ball 2-0: Ball 3-0: Called Strike 3-1: Called Strike 3-2: Foul Ball, location: 2F 3-2: Strikes out swinging
|
Bottom of the 4th over - 0 runs, 1 hit, 0 errors, 1 left on base; Bradenton 2 - Charlotte 1 |
TOP OF THE 5TH |
Bradenton Marauders batting - Pitching for Charlotte Stone Crabs : RHP Julian Black
|
Batting: RHB Pleun Smit
|
0-0: Ball 1-0: Swinging Strike 1-1: Ground out 6-3 (Groundball, 6S, EV 95.0 MPH)
|
Batting: SHB Juan Ayala
|
0-0: Called Strike 0-1: Ball 1-1: Called Strike 1-2: Strikes out swinging
|
Batting: LHB Joe Hoover
|
0-0: Called Strike 0-1: Foul Ball, location: 2F 0-2: Ball 1-2: Fly out, F8 (Flyball, 8LM, EV 93.1 MPH)
|
Top of the 5th over - 0 runs, 0 hits, 0 errors, 0 left on base; Bradenton 2 - Charlotte 1 |
BOTTOM OF THE 5TH |
Charlotte Stone Crabs batting - Pitching for Bradenton Marauders : LHP Ben Buerck
|
Batting: RHB Isaiah Easter
|
0-0: Called Strike 0-1: Swinging Strike 0-2: Ball 1-2: Fly out, F9 (Flyball, 89S, EV 88.8 MPH)
|
Batting: LHB Rich Matthews
|
0-0: Swinging Strike 0-1: Fly out, F8 (Flyball, 8RM, EV 92.5 MPH)
|
Batting: RHB John Downing
|
0-0: Ball 1-0: Ground out 6-3 (Groundball, 6, EV 86.2 MPH)
|
Bottom of the 5th over - 0 runs, 0 hits, 0 errors, 0 left on base; Bradenton 2 - Charlotte 1 |
TOP OF THE 6TH |
Bradenton Marauders batting - Pitching for Charlotte Stone Crabs : RHP Julian Black
|
Batting: LHB Carlos Vega
|
0-0: Called Strike 0-1: Foul Ball, location: 2F 0-2: Fly out, F8 (Flyball, 8LM, EV 93.8 MPH)
|
Batting: RHB Zach Chmieleski
|
0-0: Foul Ball, location: 2F 0-1: Ball 1-1: Swinging Strike 1-2: SOLO HOME RUN (Flyball, 78XD, EV 103.1 MPH), Distance : 417 ft
|
Batting: RHB Ron Corn
|
0-0: Swinging Strike 0-1: Swinging Strike 0-2: SINGLE (Line Drive, 8RS, EV 106.2 MPH)
|
Batting: LHB Brandon Sarni
|
0-0: Ball Ron Corn is caught stealing 2nd base 2-6 1-0: Called Strike 1-1: Swinging Strike 1-2: Strikes out looking
|
Top of the 6th over - 1 run, 2 hits, 0 errors, 0 left on base; Bradenton 3 - Charlotte 1 |
BOTTOM OF THE 6TH |
Charlotte Stone Crabs batting - Pitching for Bradenton Marauders : LHP Ben Buerck
|
Batting: RHB Chris Thorson
|
0-0: Called Strike 0-1: Ball 1-1: Ball 2-1: Swinging Strike 2-2: Foul Ball, location: 2F 2-2: Strikes out swinging
|
Batting: RHB James Huddleston
|
0-0: Called Strike 0-1: Called Strike 0-2: Foul Ball, location: 2F 0-2: Strikes out swinging
|
Batting: RHB Alex Diaz
|
0-0: Ball 1-0: Ball 2-0: Ball 3-0: Called Strike 3-1: Base on Balls
|
Batting: RHB Jose Arriola
|
0-0: Ball 1-0: Called Strike Alex Diaz is caught stealing 2nd base 2-4
|
Bottom of the 6th over - 0 runs, 0 hits, 0 errors, 0 left on base; Bradenton 3 - Charlotte 1 |
TOP OF THE 7TH |
Bradenton Marauders batting - Pitching for Charlotte Stone Crabs : RHP Julian Black
|
Batting: RHB Freddy Quintero
|
0-0: SINGLE (Line Drive, 7S, EV 90.6 MPH)
|
Batting: RHB Alain Marquet
|
0-0: Ball 1-0: Called Strike 1-1: Ball 2-1: Ball 3-1: Base on Balls Freddy Quintero to second
|
Batting: RHB Pleun Smit
|
0-0: Called Strike 0-1: Foul Ball, location: 2F 0-2: Ball 1-2: Foul Ball, location: 2F 1-2: Foul Ball, location: 2F 1-2: Strikes out swinging
|
Batting: SHB Juan Ayala
|
0-0: Swinging Strike 0-1: Foul Ball, location: 2F 0-2: Foul Ball, location: 2F 0-2: Ball 1-2: Fly out, F2 (Popup, 2LF, EV 90.6 MPH)
|
Pitching: LHP Tim Pulliam
|
|
Batting: LHB Joe Hoover
|
0-0: Called Strike 0-1: Ball 1-1: Swinging Strike 1-2: Ball 2-2: Ball 3-2: Fly out, F8 (Flyball, 8RD, EV 90.6 MPH)
|
Top of the 7th over - 0 runs, 1 hit, 0 errors, 2 left on base; Bradenton 3 - Charlotte 1 |
BOTTOM OF THE 7TH |
Charlotte Stone Crabs batting - Pitching for Bradenton Marauders : LHP Ben Buerck
|
Batting: RHB Jose Arriola
|
0-0: Ball 1-0: Ball 2-0: Ball 3-0: Called Strike 3-1: Base on Balls
|
Batting: LHB Harris Vink
|
0-0: Called Strike 0-1: 2-RUN HOME RUN (Flyball, 89XD, EV 117.5 MPH), Distance : 465 ft
|
Batting: RHB Nelle Lommen
|
0-0: Called Strike 0-1: Ball 1-1: Fly out, F9 (Flyball, 9, EV 90.6 MPH)
|
Batting: RHB Isaiah Easter
|
0-0: Called Strike 0-1: Swinging Strike 0-2: Strikes out swinging
|
Batting: LHB Rich Matthews
|
0-0: Foul Ball, location: 2F 0-1: Ball 1-1: Fly out, F8 (Flyball, 8RD, EV 103.1 MPH)
|
Bottom of the 7th over - 2 runs, 1 hit, 0 errors, 0 left on base; Bradenton 3 - Charlotte 3 |
TOP OF THE 8TH |
Bradenton Marauders batting - Pitching for Charlotte Stone Crabs : LHP Tim Pulliam
|
Batting: LHB Carlos Vega
|
0-0: Called Strike 0-1: Ball 1-1: Called Strike 1-2: Foul Ball, location: 2F 1-2: Ball 2-2: Strikes out swinging
|
Batting: RHB Zach Chmieleski
|
0-0: DOUBLE (Line Drive, 5D, EV 108.1 MPH)
|
Batting: RHB Ron Corn
|
0-0: Intentional Walk
|
Pinch Hitting: RHB John Goynes
|
0-0: Called Strike 0-1: Ball 1-1: Fly out, F8 (Flyball, 8LXD, EV 103.1 MPH) Runner from 2nd tags up, SAFE at 3rd, no throw by CF
|
Batting: RHB Freddy Quintero
|
0-0: Ball 1-0: 3-RUN HOME RUN (Flyball, 8RXD, EV 115.6 MPH), Distance : 452 ft
|
Pitching: RHP Andres Morales
|
|
Batting: RHB Alain Marquet
|
0-0: Ball 1-0: Ball 2-0: Ball 3-0: Called Strike 3-1: Ground out 1-3 (Groundball, 13S, EV 70.6 MPH)
|
Top of the 8th over - 3 runs, 2 hits, 0 errors, 0 left on base; Bradenton 6 - Charlotte 3 |
BOTTOM OF THE 8TH |
Charlotte Stone Crabs batting - Pitching for Bradenton Marauders : LHP Ben Buerck
|
Pitching: RHP Hugo Rodriguez
|
|
Now at 2B: Donald Imre
|
|
Batting: RHB John Downing
|
0-0: Ball 1-0: Foul Ball, location: 2F 1-1: Called Strike 1-2: Strikes out swinging
|
Batting: RHB Chris Thorson
|
0-0: Ball 1-0: Ball 2-0: Called Strike 2-1: Foul Ball, location: 2F 2-2: Strikes out swinging
|
Batting: RHB James Huddleston
|
0-0: Foul Ball, location: 2F 0-1: Ball 1-1: Swinging Strike 1-2: Ground out 4-3 (Groundball, 4M, EV 90.0 MPH)
|
Bottom of the 8th over - 0 runs, 0 hits, 0 errors, 0 left on base; Bradenton 6 - Charlotte 3 |
TOP OF THE 9TH |
Bradenton Marauders batting - Pitching for Charlotte Stone Crabs : RHP Andres Morales
|
Batting: RHB Pleun Smit
|
0-0: Ball 1-0: Called Strike 1-1: Swinging Strike 1-2: Ball 2-2: Strikes out swinging
|
Pinch Hitting: RHB Jordan Robinson
|
0-0: Ball 1-0: Ball 2-0: Called Strike 2-1: Ball 3-1: Base on Balls
|
Batting: LHB Joe Hoover
|
0-0: Ball 1-0: Foul Ball, location: 2F 1-1: Ball 2-1: Called Strike 2-2: Strikes out swinging
|
Batting: LHB Carlos Vega
|
0-0: Ball 1-0: Foul Ball, location: 2F 1-1: Foul Ball, location: 2F 1-2: Foul Ball, location: 2F 1-2: DOUBLE (Line Drive, 9LM, EV 105.6 MPH) Jordan Robinson to third Runner from 3rd tries for Home, SAFE, no throw by RF
|
Pitching: RHP David Espinosa
|
|
Batting: RHB Zach Chmieleski
|
0-0: Ball 1-0: Called Strike 1-1: Called Strike 1-2: Foul Ball, location: 2F 1-2: DOUBLE (Line Drive, 3D, EV 95.0 MPH) Carlos Vega scores
|
Batting: RHB Ron Corn
|
0-0: Fly out, F8 (Flyball, 8RD, EV 90.0 MPH)
|
Top of the 9th over - 2 runs, 2 hits, 0 errors, 1 left on base; Bradenton 8 - Charlotte 3 |
BOTTOM OF THE 9TH |
Charlotte Stone Crabs batting - Pitching for Bradenton Marauders : RHP Hugo Rodriguez
|
Now at 3B: Brian Moore
|
|
Batting: RHB Alex Diaz
|
0-0: Swinging Strike 0-1: Foul Ball, location: 2F 0-2: Strikes out swinging
|
Batting: RHB Jose Arriola
|
0-0: Swinging Strike 0-1: Foul Ball, location: 2F 0-2: Foul Ball, location: 2F 0-2: Ball 1-2: Strikes out swinging
|
Batting: LHB Harris Vink
|
0-0: Ball 1-0: TRIPLE (Line Drive, 89XD, EV 106.2 MPH)
|
Batting: RHB Nelle Lommen
|
0-0: Swinging Strike 0-1: Ball 1-1: Swinging Strike 1-2: Ball 2-2: Ball 3-2: Foul Ball, location: 2F 3-2: Foul Ball, location: 2F 3-2: Strikes out swinging
|
Bottom of the 9th over - 0 runs, 1 hit, 0 errors, 1 left on base; Bradenton 8 - Charlotte 3 |
|